 Dungeon Sprint DCSS version 0.31-a0-18-gea43df2a32 (webtiles) character file.

Game seed: 1578467523108866354

15766 sircluck the Ninja (level 12, -27/87 HPs)
             Began as a Kobold Brigand on May 9, 2023.
             Was the Champion of Dithmenos.
             Killed from afar by a merfolk aquamancer (44 damage)
             ... with a torrent of water
             ... in the Dungeon (Sprint VII: "The Pits").
             The game lasted 00:11:08 (2845 turns).

sircluck the Ninja (Kobold Brigand)                 Turns: 2845, Time: 00:11:08

Health: -27/87     AC: 12    Str:  8    XL:     12   Next: 61%
Magic:  12/12      EV: 21    Int: 13    God:    Dithmenos [******]
Gold:   35         SH:  0    Dex: 21    Spells: 11/11 levels left

rFire   . . .        D - +5 dagger
rCold   . . .        (no shield)
rNeg    . . .        v - +5 ring mail
rPois   .            (no helmet)
rElec   .            c - +0 cloak
rCorr   .            (no gloves)
SInv    .            (no boots)
Will    .....        (no amulet) Stlth **********
                     (no ring)
HPRegen 0.34/turn    (no ring)
MPRegen 0.13/turn

%: no teleportation
@: hasted, wreathed by umbra, very quick
A: small, no large weapons, nightstalker 3
a: Renounce Religion, Shadow Step, Shadow Form


You were in the Dungeon.
You worshipped Dithmenos.
Dithmenos was exalted by your worship.
You visited 1 branch You collected 35 gold pieces.

Inventory:

Hand Weapons
 a - a +2 dagger
 o - a +2 dagger of draining
 t - a +2 rapier of electrocution
 D - a +5 dagger (weapon)
Missiles
 d - 13 poisoned darts (quivered)
 e - 3 curare-tipped darts
 m - 10 stones
Armour
 b - a +0 robe
 c - a +0 cloak (worn)
 u - a +4 scale mail
 v - a +5 ring mail (worn)
Jewellery
 p - a +3 ring of protection
 r - a +3 ring of strength
 w - a ring of see invisible
 y - a +5 ring of evasion
Wands
 k - a wand of mindburst (9)
Scrolls
 j - 3 scrolls of identify
 n - 5 scrolls of amnesia
 x - 3 scrolls of enchant weapon
 B - 4 scrolls of enchant armour
 C - a scroll of fog
Potions
 f - 8 potions of curing
 g - 5 potions of heal wounds
 h - a potion of haste
 i - 4 potions of magic
 l - 2 potions of invisibility
 q - a potion of might
 s - 2 potions of resistance
 z - 3 potions of berserk rage


   Skills:
 + Level 15.1 Fighting
 + Level 16.7 Short Blades
 + Level 4.6 Throwing
 + Level 6.6 Armour
 + Level 13.9 Dodging
 O Level 27 Stealth
 + Level 4.3 Evocations


You had 11 spell levels left.
You didn't know any spells.
Your spell library was empty.

Dungeon Overview and Level Annotations

Branches:
Dungeon (1/1)

Altars:
Ashenzari
Cheibriados
Dithmenos
Elyvilon
Fedhas
Gozag
Hepliaklqana
Kikubaaqudgha
Makhleb
Nemelex Xobeh
Okawaru
Qazlal
Ru
Sif Muna
Trog
Uskayaw
Vehumet
Wu Jian
Xom
Yredelemnul
Zin
The Shining One
Jiyva
Lugonu


Innate Abilities, Weirdness & Mutations

You are small and have problems with some larger weapons.
You are completely attuned to the shadows.


Message History

A merfolk comes into view. It is wielding a +0 trident.
The water elemental completely misses you.
The merfolk aquamancer shouts!
You closely miss the merfolk aquamancer.
Your punch misses the merfolk aquamancer.
The snapping turtle hisses angrily.
The merfolk shouts!
The water elemental completely misses you.
You closely miss the merfolk aquamancer.
Your shadow hits the merfolk aquamancer but does no damage.
The merfolk aquamancer points at you and mumbles some strange words.
The shard of ice hits you!!
You emit a cloud of dark smoke.
Aiming: Mindburst
Press: ? - help, Q - select action, (/) - cycle Shift-Dir - straight line, f - merfolk aquamancer
Aim: a merfolk aquamancer, wielding a +0 rapier and wearing a +2 robe of the Archmagi (black smoke, umbra, chance to affect: 31%)
The merfolk aquamancer's mind is blasted!!
The water elemental closely misses you.
The merfolk aquamancer casts a spell at you.
The shard of ice hits you!!!
* * * LOW HITPOINT WARNING * * *
You emit a cloud of dark smoke.
The snapping turtle barely misses you.
The water elemental attacks as you move away!
The water elemental misses you.
You feel much better. The water elemental hits you!
The water elemental engulfs you in water!
The merfolk aquamancer hits you but does no damage.
The snapping turtle bites you from afar!
* * * LOW HITPOINT WARNING * * *
You feel yourself speed up.
* * * LOW HITPOINT WARNING * * *
You emit a cloud of dark smoke.
Your lungs strain for air!
The water elemental misses you.
The merfolk aquamancer hits you but does no damage.
The snapping turtle misses you.
You slip free of the water engulfing you.
You gasp with relief as air once again reaches your lungs.
The merfolk aquamancer points at you and mumbles some strange words.
The torrent of water hits you!!!
Ouch! That really hurt!
You die...

..# ..# ..# ..++.. ..++..
++####
++##########################
....................mt§§E§..
..........).....@..E.E§§t§m.
..##############++##########
..# ..# .÷# ..# ..# ..# .†#


You could see a merfolk aquamancer and a water elemental.

Vanquished Creatures
  Erolcha (D)
  A hydra (D)
  An alligator (D)
  2 death yaks (D)
  A naga warrior (D)
  An orc high priest (D)
  A deep elf knight (D)
  A spriggan druid (D)
  A sea snake (D)
  A phantasmal warrior (D)
  A lindwurm (D)
  A necromancer (D)
  2 orc knights (D)
  A cyclops (D)
  A smoke demon (D)
  A molten gargoyle (D)
  A naga mage (D)
  3 gargoyles (D)
  2 unseen horrors (D)
  A polar bear (D)
  3 trolls (D)
  A hellwing (D)
  A tarantella (D)
  4 blink frogs (D)
  2 spriggans (D)
  A wyvern (D)
  2 wraiths (D)
  A basilisk (D)
  2 redbacks (D)
  A warg (D)
  2 nagas (D)
  A water moccasin (D)
  A floating eye (D)
  3 orc warriors (D)
  Pargi (D)
  3 centaurs (D)
  A kobold brigand (D)
  2 gnoll sergeants (D)
  A necrophage (D)
  5 wights (D)
  3 killer bees (D)
  A quasit (D)
  Terence (D)
  An iguana (D)
  13 gnolls (D)
  A white imp (D)
  2 ufetubi (D)
  3 orcs (D)
  2 ball pythons (D)
  A bat (D)
  2 bat skeletons (D)
  An endoplasm (D)
  A giant cockroach (D)
  2 ball python zombies (D)
  A frilled lizard (D)
98 creatures vanquished.

Vanquished Creatures (collateral kills)
  A gnoll bouda (D)
  3 gnolls (D)
  A river rat (D)
5 creatures vanquished.

Grand Total: 103 creatures vanquished

Notes
Turn   | Place    | Note
-------+----------+-------------------------------------------
     0 | D        | sircluck the Kobold Brigand began the quest for the Orb.
     0 | D        | Reached XP level 1. HP: 12/12 MP: 1/1
    48 | D        | Noticed a floating eye
    51 | D        | Killed a floating eye
    52 | D        | Reached skill level 11 in Stealth
    52 | D        | Reached XP level 2. HP: 19/19 MP: 2/2
    52 | D        | Reached XP level 3. HP: 23/23 MP: 3/3
    52 | D        | Reached XP level 4. HP: 28/28 MP: 4/4
    52 | D        | Reached XP level 5. HP: 32/32 MP: 5/5
    76 | D        | Found a bloodstained altar of Trog.
    76 | D        | Found a shimmering blue altar of Sif Muna.
    76 | D        | Found a viscous altar of Jiyva.
    76 | D        | Found a hazy altar of Hepliaklqana.
    76 | D        | Found an opulent altar of Gozag.
    77 | D        | Found a glowing golden altar of the Shining One.
    77 | D        | Found a glowing silver altar of Zin.
    77 | D        | Found a sacrificial altar of Ru.
    77 | D        | Found a stormy altar of Qazlal.
    77 | D        | Found a blossoming altar of Fedhas.
    78 | D        | Found a basalt altar of Yredelemnul.
    78 | D        | Found an iron altar of Okawaru.
    78 | D        | Found a white marble altar of Elyvilon.
    79 | D        | Found a sparkling altar of Nemelex Xobeh.
    79 | D        | Found a shimmering altar of Xom.
    79 | D        | Found a shadowy altar of Dithmenos.
    80 | D        | Found a snail-covered altar of Cheibriados.
    80 | D        | Found a burning altar of Makhleb.
    80 | D        | Found an ornate altar of the Wu Jian Council.
    81 | D        | Found a corrupted altar of Lugonu.
    81 | D        | Found a radiant altar of Vehumet.
    82 | D        | Found a broken altar of Ashenzari.
    82 | D        | Found an ancient bone altar of Kikubaaqudgha.
    82 | D        | Found a hide-covered altar of Uskayaw.
    84 | D        | Became a worshipper of Dithmenos the Shadowed
   108 | D        | Reached skill level 12 in Stealth
   113 | D        | Reached * piety under Dithmenos
   135 | D        | Reached ** piety under Dithmenos
   166 | D        | Reached skill level 5 in Short Blades
   166 | D        | Reached skill level 13 in Stealth
   166 | D        | Reached *** piety under Dithmenos
   171 | D        | Reached skill level 14 in Stealth
   171 | D        | Reached XP level 6. HP: 20/39 MP: 6/6
   306 | D        | Reached **** piety under Dithmenos
   334 | D        | Noticed Pargi
   341 | D        | Reached skill level 5 in Fighting
   341 | D        | Reached skill level 15 in Stealth
   348 | D        | Reached ***** piety under Dithmenos
   349 | D        | Reached skill level 16 in Stealth
   349 | D        | Reached XP level 7. HP: 33/44 MP: 2/7
   357 | D        | Killed Pargi
   466 | D        | Reached skill level 17 in Stealth
   466 | D        | Noticed an orc knight
   468 | D        | Killed an orc knight
   469 | D        | Reached skill level 18 in Stealth
   469 | D        | Reached XP level 8. HP: 52/52 MP: 8/8
   494 | D        | Noticed Erolcha
   495 | D        | Noticed a spriggan
   501 | D        | Killed a spriggan
   502 | D        | Reached skill level 10 in Short Blades
   502 | D        | Reached skill level 19 in Stealth
   506 | D        | Reached ****** piety under Dithmenos
   541 | D        | Killed Erolcha
   542 | D        | Reached skill level 20 in Stealth
   542 | D        | Reached XP level 9. HP: 7/59 MP: 9/9
   776 | D        | Noticed a smoke demon
   782 | D        | Killed a smoke demon
   784 | D        | Noticed Terence
   788 | D        | Reached skill level 10 in Dodging
   788 | D        | Reached skill level 21 in Stealth
   789 | D        | Killed Terence
   794 | D        | Noticed a blink frog
   795 | D        | Noticed a blink frog
   796 | D        | Noticed a blink frog
   796 | D        | Noticed a blink frog
   798 | D        | Killed a blink frog
   799 | D        | Reached skill level 1 in Armour
   799 | D        | Reached XP level 10. HP: 65/65 MP: 10/10
   803 | D        | Reached skill level 22 in Stealth
   816 | D        | Noticed a cyclops
   819 | D        | Killed a cyclops
   821 | D        | Reached skill level 23 in Stealth
   823 | D        | Noticed a sea snake
   823 | D        | Noticed a molten gargoyle
   825 | D        | Killed a molten gargoyle
   829 | D        | Killed a sea snake
   830 | D        | Reached skill level 24 in Stealth
   839 | D        | Reached XP level 11. HP: 71/71 MP: 11/11
   840 | D        | Noticed a four-headed hydra
   844 | D        | Killed a four-headed hydra
   845 | D        | Reached skill level 25 in Stealth
   845 | D        | Noticed a naga warrior
   887 | D        | Killed a naga warrior
   888 | D        | Reached skill level 10 in Fighting
   888 | D        | Reached skill level 26 in Stealth
  1017 | D        | Noticed an orc knight
  1020 | D        | Reached skill level 1 in Evocations
  1022 | D        | Killed an orc knight
  1023 | D        | Reached skill level 27 in Stealth
  1035 | D        | Noticed a spriggan druid
  1039 | D        | Killed a spriggan druid
  1042 | D        | Reached skill level 15 in Short Blades
  1052 | D        | Noticed a death yak
  1055 | D        | Killed a death yak
  1078 | D        | Noticed a deep elf knight
  1087 | D        | Killed a deep elf knight
  1088 | D        | Reached XP level 12. HP: 82/82 MP: 12/12
  1088 | D        | Noticed a death yak
  1093 | D        | Killed a death yak
  1152 | D        | Reached skill level 5 in Armour
  1454 | D        | Noticed an orc high priest
  1455 | D        | Noticed an alligator
  1502 | D        | Noticed a sun demon
  1512 | D        | HP: 1/129 [sun demon[an orc high priest] (11)]
  1515 | D        | Killed an orc high priest
  2476 | D        | HP: 4/86 [something (8)]
  2514 | D        | Reached skill level 15 in Fighting
  2566 | D        | Noticed an alligator
  2600 | D        | Killed an alligator
  2830 | D        | Noticed a merfolk aquamancer
  2845 | D        | Killed from afar by a merfolk aquamancer

Illustrated notes

Levels and vault maps discovered:
D:        pitsprint [storerooms_1, entrance_room_1, metal_vault_5, armoury_3,
          mini_pit_1, grid_room_1, main_hall_1, silver_pit, the_coven_1,
          the_vestibule_1, steel_vault_3, golden_pit, hallway_of_sentries,
          crystal_vault_1, iron_vault_2, final_vault]

Skill      XL: |  1  2  3  4  5  6  7  8  9 10 11 12 |
---------------+-------------------------------------+-----
Fighting       | 3 4 5 6 8 9 12 15 | 15.1
Short Blades   | 4 5 7 9 11 13 14 15 16 | 16.7
Throwing       | 3 4 |  4.6
Stealth        | 11 14 16 18 20 21 24 27 | 27.0
Dodging        | 2 3 6 8 10 12 13 | 13.9
Armour         | 1 4 6 |  6.6
Evocations     | 3 4 |  4.3

Action                     |  1- 3 |  4- 6 |  7- 9 | 10-12 || total
---------------------------+-------+-------+-------+-------++-------
  Melee: Dagger            |     1 |    81 |    64 |   305 ||   451
         Punch             |       |     3 |       |     6 ||     9
  Evoke: Wand              |       |       |       |     4 ||     4
    Use: Potion            |       |     3 |     2 |    13 ||    18
         Scroll            |       |     2 |       |     4 ||     6
   Stab: Sleeping          |     1 |     7 |    11 |    35 ||    54
 Armour: Robe              |       |     4 |     1 |       ||     5
         Ring mail         |       |       |       |    66 ||    66
  Dodge: Dodged            |       |    41 |    62 |   237 ||   340

Table legend: (Time is in decaauts)
 A = Elapsed time spent in this place.
 B = Non-inter-level travel time spent in this place.
 C = Inter-level travel time spent in this place.
 D = Time resting spent in this place.
 E = Time spent auto-exploring this place.
 F = Levels seen in this place.
 G = Mean time per level.
                   A        B        C        D        E       F      G
               +--------+--------+--------+--------+--------+-----+--------+
         Total |   2662 |   2241 |    421 |    534 |    791 |   1 | 2662.0 |
       Dungeon |   2662 |   2241 |    421 |    534 |    791 |   1 | 2662.0 |
               +--------+--------+--------+--------+--------+-----+--------+

Top non-repeatable levels by time:
       D: 2662 daAuts
